 Dungeon Crawl Stone Soup version 0.26.0-15-gc6cd9f700b (webtiles) character file.

Game seed: 16050638451380890860

8475 iamoutofideas the Cleaver (level 11, -5/106 HPs)
             Began as a Deep Dwarf Fighter on Jan 15, 2021.
             Was an Elder of Makhleb.
             Slain by a komodo dragon (25 damage)
             ... on level 10 of the Dungeon.
             The game lasted 00:10:31 (6922 turns).

iamoutofideas the Cleaver (Deep Dwarf Fighter)      Turns: 6922, Time: 00:10:32

Health: -5/106     AC:  9    Str: 23    XL:     11   Next: 10%
Magic:  5/5        EV: 10    Int:  9    God:    Makhleb [****..]
Gold:   696        SH:  0    Dex: 12    Spells: 10/10 levels left

rFire    . . .     SeeInvis .   r - +2 war axe (distort)
rCold    . . .     Faith    .   (no shield)
rNeg     . . .     Spirit   .   y - +0 swamp dragon scales
rPois    +         Reflect  .   (no helmet)
rElec    .         Harm     .   (no cloak)
rCorr    .         Rampage  .   n - +0 pair of gloves
Will     +....                  (no boots)
Stlth    +.........             (no amulet)
HPRegen  0.00/turn              I - ring of flight
MPRegen  0.09/turn              (no ring)

@: non-regenerating
A: damage resistance, heal wounds, sense surroundings 2, no regeneration
a: Heal Wounds, Renounce Religion, Evoke Flight, Minor Destruction, Lesser
Servant of Makhleb, Major Destruction


You were on level 10 of the Dungeon.
You worshipped Makhleb.
Makhleb was greatly pleased with you.
You visited 1 branch of the dungeon, and saw 10 of its levels.

You collected 696 gold pieces.

Inventory:

Hand Weapons
 a - a +1 war axe
 r - a +2 war axe of distortion (weapon)
Armour
 b - a +0 scale mail
 c - a +0 kite shield
 h - a +2 leather armour of poison resistance
 n - a +0 pair of gloves (worn)
 y - +0 swamp dragon scales (worn)
Jewellery
 C - an uncursed ring of wizardry
 I - a ring of flight (left hand)
Wands
 k - a wand of random effects (9)
 s - a wand of iceblast (5)
 E - a wand of digging (4)
Scrolls
 f - 4 scrolls of magic mapping
 g - 3 scrolls of enchant weapon
 i - 5 scrolls of teleportation
 p - a scroll of immolation {unknown}
 v - a scroll of fog
 x - 5 scrolls of remove curse
 B - a scroll of amnesia
 G - 2 scrolls of identify
 H - a scroll of silence {unknown}
Potions
 d - a potion of might
 e - 6 potions of curing
 j - a potion of ambrosia {unknown}
 l - a potion of magic
 m - a potion of invisibility
 o - 2 potions of heal wounds
 q - a potion of haste {unknown}
 t - 2 potions of degeneration
 u - 2 potions of mutation
 w - 2 potions of lignification
 z - a potion of cancellation {unknown}
 A - a potion of attraction {unknown}
 D - 2 potions of resistance
 F - 2 potions of berserk rage {unknown}


   Skills:
 + Level 9.6 Fighting
 + Level 14.8 Axes
 - Level 3.2 Armour
 - Level 3.2 Shields


You had 10 spell levels left.
You didn't know any spells.
Your spell library contained the following spells:

 Spells                   Type           Power        Failure   Level
 Foxfire                  Conj/Fire      0%           54%         1
 Conjure Flame            Conj/Fire      0%           88%         3
 Inner Flame              Hex/Fire       0%           88%         3
 Sticky Flame             Conj/Fire      0%           99%         4
 Fireball                 Conj/Fire      0%           100%        5


Dungeon Overview and Level Annotations

Branches:
Dungeon (10/15)            Temple (0/1) D:4            Lair (0/6) D:8
    Orc: D:9-12

Altars:
Cheibriados
Elyvilon
Fedhas
Makhleb
Okawaru
Qazlal
Wu Jian
Xom
Beogh

Shops:
D:6 }

Annotations:
D:2 2 transporters
D:7 Prince Ribbit


Innate Abilities, Weirdness & Mutations

You are resistant to damage.
You can heal yourself by infusing magical energy.
You passively map the area around you.
You do not regenerate.


Message History

The komodo dragon hisses angrily.
A komodo dragon is nearby!
A komodo dragon is nearby!
A komodo dragon is nearby!
You are too injured to fight recklessly!
The komodo dragon misses you.
You hit the komodo dragon.
Space bends around the komodo dragon.
The komodo dragon is moderately wounded.
The komodo dragon bites you!
* * * LOW HITPOINT WARNING * * *
You hit the komodo dragon but do no damage.
The komodo dragon is moderately wounded.
The komodo dragon blinks!
The komodo dragon bites you!
* * * LOW HITPOINT WARNING * * *
You slash the komodo dragon!
The komodo dragon is severely wounded.
The komodo dragon blinks!
The komodo dragon bites you!!
You die...

, , , ,, ### ** *,, ,
############.. , *
#..........#.### * * *
#..........#...# ,
#..........#...# * *
###..........#...###,
, ,,
..'.†.........§.@.># *
###>............l....#
*
###########........#*
* #........#, ,* * ,
#........# * ** , , *
* #........# ,, ,*
#........#** * , , **
#......... *** ≈≈ ≈ ≈
* *


You could see a komodo dragon.

Vanquished Creatures
  A two-headed ogre (D:9)
  Pikel (D:5)
  Maggie (D:9)
  2 trolls (D:9)
  Grinder (D:4)
  Sigmund (D:3)
  3 wyverns (D:8)
  A basilisk (D:8)
  3 yaks (D:9)
  Eustachio (D:4)
  Edmund (D:5)
  6 water moccasins
  A sky beast (D:8)
  3 ice beasts
  4 phantoms
  An orc warrior (D:9)
  A necrophage (D:8)
  2 wolves (D:8)
  An eye of draining (D:8)
  4 ogres
  6 centaurs
  2 lemures (D:5)
  4 bullfrogs
  Blork the orc (D:5)
  2 scorpions
  5 killer bees (D:9)
  3 wights (D:8)
  A howler monkey (D:8)
  3 electric eels (D:9)
  A bullfrog skeleton (D:8)
  3 jellies (D:8)
  A centaur skeleton (D:7)
  7 hounds
  6 orc priests
  7 orc wizards
  10 worker ants
  A killer bee zombie (D:7)
  2 hound zombies
  A hound skeleton (D:6)
  A worker ant zombie (D:6)
  3 gnolls (D:9)
  10 adders
  2 howler monkey skeletons
  2 shadow imps
  2 ufetubi
  An ooze (D:3)
  2 adder skeletons
  4 worms
  3 dart slugs
  4 leopard geckos
  32 orcs
  A ball python (D:2)
  5 giant cockroaches
  8 goblins
  11 hobgoblins
  4 jackals (D:8)
  14 kobolds
  6 quokkas
  A ball python skeleton (D:5)
  12 bats
  3 frilled lizards
  2 jackal skeletons
  2 leopard gecko skeletons (D:7)
  A leopard gecko zombie (D:8)
  2 quokka skeletons
  11 rats
254 creatures vanquished.

Vanquished Creatures (others)
  A wyvern (D:8)
  A black bear (D:8)
  4 fungi (D:8)
  13 plants (D:8)
19 creatures vanquished.

Grand Total: 273 creatures vanquished

Notes
Turn   | Place    | Note
-------+----------+-------------------------------------------
     0 | D:1      | iamoutofideas the Deep Dwarf Fighter began the quest for
                  | the Orb.
     0 | D:1      | Reached XP level 1. HP: 20/20 MP: 1/1
   114 | D:1      | Reached XP level 2. HP: 28/28 MP: 2/2
   213 | D:1      | Reached skill level 3 in Axes
   388 | D:1      | Reached XP level 3. HP: 23/34 MP: 3/3
   707 | D:2      | Found a transporter.
   707 | D:2      | Noticed a bullfrog
   708 | D:2      | Found a stormy altar of Qazlal.
   708 | D:2      | Noticed an ogre
   709 | D:2      | Noticed an ogre
   711 | D:2      | Found a transporter.
  1080 | D:2      | Reached skill level 4 in Axes
  1080 | D:2      | Reached XP level 4. HP: 35/42 MP: 4/4
  1588 | D:3      | Reached XP level 5. HP: 50/50 MP: 4/4
  1611 | D:3      | Reached skill level 5 in Axes
  1894 | D:3      | Found a shimmering altar of Xom.
  1896 | D:3      | Found an ornate altar of the Wu Jian Council.
  1936 | D:3      | Found a snail-covered altar of Cheibriados.
  1957 | D:3      | Noticed Sigmund
  1976 | D:3      | Killed Sigmund
  1977 | D:3      | Reached skill level 6 in Axes
  1977 | D:3      | Reached XP level 6. HP: 41/57 MP: 5/5
  2248 | D:4      | Noticed Eustachio
  2263 | D:4      | Reached skill level 7 in Axes
  2273 | D:4      | Killed Eustachio
  2274 | D:4      | Reached XP level 7. HP: 23/66 MP: 6/6
  2328 | D:4      | Noticed Grinder
  2340 | D:4      | Killed Grinder
  2341 | D:4      | Reached skill level 8 in Axes
  2711 | D:4      | Found a burning altar of Makhleb.
  2712 | D:4      | Found a blossoming altar of Fedhas.
  2857 | D:4      | Became a worshipper of Makhleb the Destroyer
  2927 | D:4      | Found a staircase to the Ecumenical Temple.
  3019 | D:4      | Reached skill level 9 in Axes
  3025 | D:4      | Reached skill level 5 in Fighting
  3025 | D:4      | Reached XP level 8. HP: 50/74 MP: 6/6
  3354 | D:5      | Entered Level 5 of the Dungeon
  3582 | D:5      | Noticed Pikel
  3597 | D:5      | Killed Pikel
  3598 | D:5      | Reached skill level 10 in Axes
  3642 | D:5      | Noticed Blork the orc
  3645 | D:5      | Killed Blork the orc
  3746 | D:5      | Noticed Edmund
  3758 | D:5      | Killed Edmund
  3778 | D:5      | Found a white marble altar of Elyvilon.
  4122 | D:6      | Reached skill level 11 in Axes
  4122 | D:6      | Gained mutation: You passively map the area around you.
                  | [Deep Dwarf growth]
  4122 | D:6      | Reached XP level 9. HP: 22/82 MP: 5/5
  4427 | D:6      | Found Gazep Tin's Gadget Boutique.
  4494 | D:6      | Reached * piety under Makhleb
  4973 | D:7      | Noticed Prince Ribbit
  5250 | D:8      | HP: 3/85 [water moccasin (3)]
  5262 | D:8      | Reached skill level 12 in Axes
  5289 | D:8      | Reached XP level 10. HP: 27/96 MP: 5/5
  5294 | D:8      | Found a staircase to the Lair.
  5350 | D:8      | Reached skill level 13 in Axes
  5464 | D:8      | Reached ** piety under Makhleb
  5836 | D:8      | Found an iron altar of Okawaru.
  6059 | D:9      | Noticed Maggie
  6069 | D:9      | Killed Maggie
  6096 | D:9      | Found a roughly hewn altar of Beogh.
  6110 | D:9      | Reached *** piety under Makhleb
  6168 | D:9      | Noticed a two-headed ogre
  6186 | D:9      | Killed a two-headed ogre
  6187 | D:9      | Reached skill level 14 in Axes
  6287 | D:9      | HP: 4/99 [electric eel/bolt of electricity (3)]
  6344 | D:9      | Reached XP level 11. HP: 59/106 MP: 5/5
  6651 | D:9      | Reached **** piety under Makhleb
  6871 | D:10     | Entered Level 10 of the Dungeon
  6922 | D:10     | Slain by a komodo dragon

Illustrated notes

Levels and vault maps discovered:
D:1:      roderic_dead_forest, layout_loops_ring
D:2:      layout_loops_corners, gammafunk_temple_overflow_arena
D:3:      layout_basic, nicolae_overflow_hidden_temple,
          chequers_serial_rivers_micro_c, uniq_sigmund
D:4:      layout_layer_cave, gammafunk_temple_overflow_pools,
          minmay_temple_entry_proselytizer, uniq_grinder, uniq_eustachio
D:5:      layout_gridville, elyvilon_altar_1, uniq_pikel, uniq_edmund,
          uniq_blork_the_orc
D:6:      layout_gridville, serial_shops, nicolae_shop_crystal
D:7:      layout_basic, uniq_prince_ribbit1
D:8:      cheibrodos_fzero, layout_cave_pods, minmay_lair_entry_grove,
          okawaru_gym_becter
D:9:      layout_basic, special_room [special_room_orc], kennysheep_boxes,
          uniq_maggie
D:10:     layout_basic, orc_0_dummy, chequers_serial_rivers_small_b,
          grunt_ministairs_12, st_stairs_6,
          nicolae_dithmenos_through_a_glass_darkly

Skill      XL: |  1  2  3  4  5  6  7  8  9 10 |
---------------+-------------------------------+-----
Fighting       | 3 4 5 6 7 9 |  9.6
Axes           | 3 4 6 7 9 11 12 14 | 14.8
Armour         | |  3.2
Shields        | |  3.2

Action                   |  1- 3 |  4- 6 |  7- 9 | 10-12 || total
-------------------------+-------+-------+-------+-------++-------
Melee: War axe           |   134 |   138 |   258 |   197 ||   727
 Abil: Heal Wounds       |     1 |     2 |    20 |     9 ||    32
Evoke: Wand              |       |       |       |     9 ||     9
  Use: Scroll            |       |     6 |     2 |     8 ||    16
       Potion            |       |       |     6 |       ||     6
 Stab: Invisible         |       |       |     6 |       ||     6
       Petrified         |       |       |       |     2 ||     2
Armor: Scale mail        |    90 |    71 |   105 |    23 ||   289
       Swamp dragon scal |       |       |       |    55 ||    55
Dodge: Dodged            |   101 |    90 |   146 |   103 ||   440
